 Dungeon Crawl Stone Soup version 0.16-a0-3641-g71d4c1b (webtiles) character file.

46 Tet the Charlatan (level 3, -6/31 HPs)
             Began as a Deep Dwarf Artificer on June 15, 2015.
             Mangled by a warg (11 damage)
             ... on level 2 of the Dungeon.
             The game lasted 00:06:07 (1348 turns).

Tet the Charlatan (Deep Dwarf Artificer)            Turns: 1348, Time: 00:06:08

Health: -6/31      AC:  3    Str: 14    XL:     3   Next: 44%
Magic:  5/5        EV: 12    Int: 13    God:
Gold:   47         SH:  0    Dex: 13    Spells: 0 memorised, 2 levels left

rFire  . . .     SeeInvis .     u - +0 war axe
rCold  . . .     Clarity  .     e - +0 leather armour
rNeg   . . .     SustAb   .     (no shield)
rPois  .         Gourm    .     (no helmet)
rElec  .         Spirit   .     (no cloak)
rCorr  .         Warding  .     (no gloves)
rMut   .         Stasis   .     (no boots)
MR     .....                    (no amulet)
Stlth  +.........               (no ring)
                                (no ring)

@: non-regenerating, not resistant to hostile enchantments, very unstealthy
A: damage resistance, recharge devices, sense surroundings 1, slow healing 3
a: Device Recharging


You were on level 2 of the Dungeon.
You were not hungry.

You visited 1 branch of the dungeon, and saw 2 of its levels.

You collected 47 gold pieces.

Inventory:

Hand weapons
 a - a +0 short sword
 u - a +0 war axe (weapon)
Armour
 e - a +0 leather armour (worn)
Magical devices
 b - a wand of flame (15)
 c - a wand of enslavement (15)
 d - a wand of random effects (9)
 f - a wand of heal wounds (3)
Scrolls
 k - a scroll of noise {unknown}
 l - 2 scrolls of random uselessness {unknown}
 m - 2 scrolls of remove curse {unknown}
 o - a scroll of enchant weapon {unknown}
 q - a scroll of enchant armour {unknown}
 r - a scroll of identify {unknown}
Potions
 h - a potion of curing {unknown}
 i - 2 potions of haste {unknown}
 j - a potion of flight {unknown}
 n - a potion of agility {unknown}
 s - a potion of resistance {unknown}
Comestibles
 g - 2 bread rations
 p - a slice of pizza
 t - a chunk of flesh


   Skills:
 + Level 1.6 Fighting
 - Level 0.8 Short Blades
 + Level 0.2 Axes
 - Level 2.1 Dodging
 - Level 1.2 Stealth
 * Level 5.7 Evocations


You had 2 spell levels left.
You didn't know any spells.

Dungeon Overview and Level Annotations

Branches:
Dungeon (2/15)

Altars:
Makhleb


Innate Abilities, Weirdness & Mutations

You are resistant to damage.
You can recharge devices by infusing magical energy.
You passively map a small area around you.
You do not heal naturally.


Message History

You slash the warg!
The warg is moderately wounded.
The warg bites you but does no damage. The warg barely misses you.
You hit the warg.
The warg is moderately wounded.
The warg bites you! The warg barely misses you.
You closely miss the warg.
The warg is moderately wounded.
The warg bites you!
Evoke which item? (* to show all) (? for menu, Esc to quit)
Zapping:
d - a wand of random effects (10)
Press: ? - help, Shift-Dir - straight line, f/p - warg
Aim: a warg (moderately wounded)
You hear a mighty clap of thunder!
The bolt of lightning hits the warg.
The warg is severely wounded.
This wand has 9 charges left.
The warg bites you!
* * * LOW HITPOINT WARNING * * *
The warg bites you!
You die...

#.########..####..###########
,* #.#
#.....................# #.#
#####.#####..###.########,
#.# #.....# #..###.........
#.# #.##### #......########
#.####.##### ##.###.# * ,
....$......# #.# #.# * ,
#........#.######.# #.#
#.#...)........h@.# #.#
#.#.##.#.#.######## #.#
#.#.##.#.#.# #.# *
#.#......... #.# ,
#.#.##.#w#.* * **# *
.........#.. , , .......####
* #.#.##.# * ......... ,


You could see a warg.

Vanquished Creatures
  2 adders (D:2)
  A worm (D:2)
  A giant gecko (D:1)
  An ooze (D:2)
  A hobgoblin (D:1)
  4 kobolds
  A ball python (D:1)
  A giant newt (D:1)
  5 goblins (D:1)
  4 rats (D:1)
21 creatures vanquished.

Notes
Turn   | Place    | Note
--------------------------------------------------------------
     0 | D:1      | Tet, the Deep Dwarf Artificer, began the quest for the Orb.
     0 | D:1      | Reached XP level 1. HP: 16/16 MP: 1/1
   115 | D:1      | Reached skill level 1 in Fighting
   337 | D:1      | Reached XP level 2. HP: 22/25 MP: 3/3
   796 | D:2      | Reached skill level 5 in Evocations
  1228 | D:2      | Reached XP level 3. HP: 19/31 MP: 5/5
  1239 | D:2      | Found a burning altar of Makhleb.
  1344 | D:2      | Noticed a warg
  1344 | D:2      | a worm changed into a warg
  1348 | D:2      | Mangled by a warg

Action                   || total
-------------------------++-------
Melee: Short sword       ||    94
       War axe           ||     5
Evoke: Wand              ||     8
  Eat: Pizza             ||     1
